 Dungeon Sprint DCSS version 0.17.0-27-g4a3f43e (webtiles) character file.

19681 oplop the Eclecticist (level 12, -9/66 HPs)
             Began as a Spriggan Enchanter on Nov 21, 2015.
             Was the Champion of Dithmenos.
             Killed by an exploding ball lightning (41 damage)
             ... created by Lom Lobon
             ... in the Dungeon (Sprint I: "Red Sonja").
             The game lasted 00:18:49 (3274 turns).

oplop the Eclecticist (Spriggan Enchanter)          Turns: 3274, Time: 00:18:49

Health: -9/66      AC:  3    Str:  4    XL:     12   Next: 38%
Magic:  33/33      EV: 30    Int: 20    God:    Dithmenos [******]
Gold:   753        SH:  0    Dex: 18    Spells: 8 memorised, 19 levels left

rFire  . . .     SeeInvis +     a - +2 dagger
rCold  . . .     Clarity  .     b - +1 robe
rNeg   . . .     SustAt   .     (shield restricted)
rPois  +         Gourm    .     (helmet restricted)
rElec  .         Spirit   .     (no cloak)
rCorr  .         Warding  .     (gloves unavailable)
rMut   .         NoTele   +     (boots unavailable)
MR     ++...                    (no amulet)
Stlth  ++++++....               w - ring of poison resistance
                                k - ring of wizardry

@: very quick, very resistant to hostile enchantments, very stealthy
A: unfitting armour, see invisible, herbivore 3, speed 3, slow metabolism 2
a: Shadow Step, Shadow Form, Renounce Religion


You were in the Dungeon.
You worshipped Dithmenos.
Dithmenos was exalted by your worship.
You were full.

You visited 1 branch You collected 2005 gold pieces.
You spent 1252 gold pieces at shops.

Inventory:

Hand Weapons
 a - a +2 dagger (weapon)
 n - a +8 blowgun
Missiles
 o - 7 curare-tipped needles
Armour
 b - a +1 robe (worn)
Jewellery
 k - a ring of wizardry (left hand)
 w - a ring of poison resistance (right hand)
Wands
 m - a wand of fireball (7)
 q - a wand of digging (4)
 u - a wand of polymorph (15)
Scrolls
 f - 4 scrolls of identify
 j - 2 scrolls of blinking
 l - 2 scrolls of fear
 t - a scroll of remove curse {unknown}
Potions
 e - 4 potions of curing
 g - 3 potions of haste
 h - 2 potions of magic
 i - 2 potions of berserk rage
 p - 2 potions of heal wounds
Books
 c - a book of Maledictions

   Spells                             Type                      Level
   a - Corona                         Hexes                        1
   b - Ensorcelled Hibernation        Hexes/Ice                    2
   c - Confuse                        Hexes                        3
   d - Tukima's Dance                 Hexes                        3
   e - Dazzling Spray                 Conjuration/Hexes            3
 r - the Guide on Enchantment
   (You bought it in a shop in the Dungeon)

   Spells                             Type                      Level
   a - Slow                           Hexes                        2
   b - Dazzling Spray                 Conjuration/Hexes            3
   c - Leda's Liquefaction            Hexes/Earth                  4
   d - Summon Mana Viper              Hexes/Summoning              5
   e - Darkness                       Hexes                        6
 s - a book of Cantrips

   Spells                             Type                      Level
   a - Corona                         Hexes                        1
   b - Animate Skeleton               Necromancy                   1
   c - Summon Small Mammal            Summoning                    1
   d - Apportation                    Translocation                1
Comestibles
 d - a bread ration
 v - 3 fruits


   Skills:
 - Level 9.2 Fighting
 - Level 10.0 Short Blades
 * Level 5.1 Throwing
 - Level 13.2 Dodging
 - Level 13.3 Stealth
 + Level 16.1 Spellcasting
 - Level 10.8 Conjurations
 - Level 9.2 Hexes
 - Level 6.4 Summonings
 + Level 13.9 Invocations


You had 19 spell levels left.
You knew the following spells:

 Your Spells              Type           Power        Failure   Level  Hunger
a - Corona                Hex            ######.      1%          1    None
b - Ensorcelled Hibernat  Hex/Ice        ####..       1%          2    None
c - Confuse               Hex            ######..     1%          3    None
d - Tukima's Dance        Hex            ######..     1%          3    None
e - Dazzling Spray        Conj/Hex       ######..     1%          3    None
f - Summon Mana Viper     Hex/Summ       #####...     2%          5    ###....
g - Apportation           Tloc           ###.......   1%          1    None
h - Darkness              Hex            ######....   6%          6    #####..


Dungeon Overview and Level Annotations

Branches:
Dungeon (1/1)

Altars:
Cheibriados
Dithmenos
Elyvilon
Fedhas
Gozag
Kikubaaqudgha
Makhleb
Nemelex Xobeh
Okawaru
Qazlal
Ru
Sif Muna
Trog
Vehumet
Xom
Yredelemnul
Zin
The Shining One
Jiyva

Shops:
D !%*?*=?([*:*:%([?}

Annotations:
D exclusion: oklob plant, Lom Lobon, Norris, Tiamat


Innate Abilities, Weirdness & Mutations

You are tiny and cannot use many weapons and most armour.
You have supernaturally acute eyesight.
You are a herbivore.
You cover ground extremely quickly.
You need consume almost no food.


Message History

Magic restored.
You start resting.
Something unseen opens the door.
You start resting.
Norris drinks a potion.
Norris flickers and vanishes for a moment.
An arrow misses Tiamat!
There is an open door here.
As you close the door, it creaks loudly!
Lom Lobon, Demon Lord of Forbidden Knowledge comes into view.
There is an open door here.
You close the door.
Lom Lobon screams, "Slither away, thou bootless knotty-pated quarter-pint!"
Lom Lobon gestures. 3 ball lightnings come into view.
The daeva shouts!
The ball lightning explodes!
The blast of lightning engulfs you!
Ouch! That really hurt!
You die...

..'..#d#§###.§§#######+#§.§§§####
###..§§§'#$###+#,!!##.,#$$§§§#...
.##'####§.$#@#.##*$$#..##§4§$#(∩(
.#..§,,#..$###..###*#..≈###'##...
.#..§§,§..$$$##.#A#&#..m§m§)####'
§###§9.#.....#..###$#..≈)##'#§^§§
.'§#.§§###''##.##..$#..≈##§.§§§§§
##§#..##*..###..#'###..≈#.^§^§.§.
##§#..#**#$$*##.@.#P≈..*#.§..§§..
##§#*+*,,#?$*,###)#M≈m.#.....D:§.
##§#*,*,,,,,,,,,#.###y,#.....)D..
.+§#***,,,,,,,,,#.#,+y,##........
##§#,,+,,,,,,####)#,**+*#$$$$$$$$
§#§#####,,,###....#,*≈≈≈##$$,$$$$
#§§#[..#####)..####,*≈≈≈≈**,,,,,,
####.......÷)###,,,,*≈≈≈≈≈*******
##.......#####,,,,****≈≈≈≈*≈≈≈≈≈*


You could see Lom Lobon, a daeva and 2 ball lightnings.

Vanquished Creatures
  4 fire giants (D)
  A deep elf annihilator (D)
  A lorocyproca (D)
  A hydra (D)
  2 centaur warriors (D)
  Sonja (D)
  7 unseen horrors (D)
  A lindwurm (D)
  A deep troll (D)
  An oklob plant (D)
  2 kobold demonologists (D)
  4 demonic crawlers (D)
  A slime creature (D)
  4 trapdoor spiders (D)
  13 hogs (D)
  A yak (D)
  A wasp (D)
  7 necrophages (D)
  An ogre (D)
  8 jellies (D)
  Ijyb (D)
  3 giant eyeballs (D)
  A ballistomycete (D)
  A giant spore (D)
68 creatures vanquished.

Vanquished Creatures (collateral kills)
  Sigmund (D)
1 creature vanquished.

Vanquished Creatures (others)
  A siren (D)
  A hellwing (D)
  A giant spore (D)
3 creatures vanquished.

Grand Total: 72 creatures vanquished

Notes
Turn   | Place    | Note
--------------------------------------------------------------
     0 | D        | oplop the Spriggan Enchanter began the quest for the Orb.
     0 | D        | Reached XP level 1. HP: 9/9 MP: 5/5
     1 | D        | Noticed Ijyb
     8 | D        | Killed Ijyb
     8 | D        | Reached skill level 5 in Stealth
     8 | D        | Reached skill level 5 in Hexes
     8 | D        | Reached XP level 2. HP: 10/13 MP: 5/7
    12 | D        | Learned a level 2 spell: Ensorcelled Hibernation
    29 | D        | Noticed an ogre
    32 | D        | Killed an ogre
    32 | D        | Reached skill level 5 in Dodging
    32 | D        | Reached skill level 7 in Stealth
    32 | D        | Reached skill level 5 in Spellcasting
    32 | D        | Reached XP level 3. HP: 13/16 MP: 7/10
    32 | D        | Reached XP level 4. HP: 17/21 MP: 8/12
    37 | D        | Learned a level 3 spell: Confuse
    41 | D        | Learned a level 3 spell: Tukima's Dance
    45 | D        | Learned a level 3 spell: Dazzling Spray
    96 | D        | Noticed Sigmund
   102 | D        | Killed Sigmund
   102 | D        | Reached skill level 5 in Short Blades
   102 | D        | Reached skill level 8 in Stealth
   102 | D        | Reached skill level 9 in Hexes
   102 | D        | Reached XP level 5. HP: 17/24 MP: 6/14
   183 | D        | Found a deep blue altar of Sif Muna.
   184 | D        | Noticed a jelly
   185 | D        | Found a radiant altar of Vehumet.
   189 | D        | Killed a jelly
   189 | D        | Reached skill level 1 in Conjurations
   189 | D        | Reached XP level 6. HP: 28/28 MP: 14/16
   219 | D        | Found Zuisen's Food Emporium.
   219 | D        | Found a white marble altar of Elyvilon.
   219 | D        | Found a stormy altar of Qazlal.
   219 | D        | Found a burning altar of Makhleb.
   219 | D        | Found a sacrificial altar of Ru.
   219 | D        | Found a basalt altar of Yredelemnul.
   219 | D        | Found a glowing golden altar of the Shining One.
   219 | D        | Found a sparkling altar of Nemelex Xobeh.
   219 | D        | Found a shimmering altar of Xom.
   219 | D        | Found an opulent altar of Gozag.
   219 | D        | Found an ancient bone altar of Kikubaaqudgha.
   219 | D        | Found a glowing silver altar of Zin.
   219 | D        | Noticed a yak
   230 | D        | Killed a yak
   230 | D        | Reached skill level 10 in Stealth
   232 | D        | Found an iron altar of Okawaru.
   233 | D        | Found a bloodstained altar of Trog.
   247 | D        | Found a viscous altar of Jiyva.
   247 | D        | Found a blossoming altar of Fedhas.
   247 | D        | Noticed a slime creature
   248 | D        | Found a snail-covered altar of Cheibriados.
   248 | D        | Found a shadowy altar of Dithmenos.
   250 | D        | Killed a slime creature
   250 | D        | Reached XP level 7. HP: 25/32 MP: 13/19
   253 | D        | Became a worshipper of Dithmenos the Shadowed
   287 | D        | Noticed Sonja
   292 | D        | Killed Sonja
   292 | D        | Reached skill level 10 in Dodging
   292 | D        | Reached skill level 12 in Stealth
   292 | D        | Reached skill level 5 in Conjurations
   292 | D        | Reached XP level 8. HP: 15/36 MP: 17/22
   550 | D        | Found Iniess's Distillery.
   556 | D        | Noticed a deep troll
   560 | D        | Killed a deep troll
   566 | D        | Found Tomek's Armour Emporium.
   622 | D        | Noticed a kobold demonologist
   623 | D        | Noticed a kobold demonologist
   625 | D        | Reached * piety under Dithmenos
   629 | D        | Noticed a rust devil
   646 | D        | Noticed a rust devil
   657 | D        | Killed a kobold demonologist
   657 | D        | Reached skill level 13 in Stealth
   657 | D        | Reached skill level 10 in Spellcasting
   731 | D        | Killed a kobold demonologist
   731 | D        | Reached XP level 9. HP: 35/39 MP: 7/24
   826 | D        | Noticed a demonic crawler
   826 | D        | Noticed a demonic crawler
   826 | D        | Noticed a demonic crawler
   826 | D        | Noticed a demonic crawler
   836 | D        | Killed a demonic crawler
   836 | D        | Reached ** piety under Dithmenos
   836 | D        | Reached skill level 1 in Fighting
   855 | D        | Killed a demonic crawler
   856 | D        | HP: 1/42 [demonic crawler (11)]
   870 | D        | Killed a demonic crawler
  1009 | D        | Killed a demonic crawler
  1009 | D        | Reached skill level 10 in Short Blades
  1009 | D        | Reached skill level 5 in Invocations
  1128 | D        | Noticed a lindwurm
  1130 | D        | Killed a lindwurm
  1130 | D        | Reached *** piety under Dithmenos
  1136 | D        | Noticed a hog
  1136 | D        | Noticed a hog
  1136 | D        | Noticed a hog
  1136 | D        | Noticed a hog
  1136 | D        | Noticed a hog
  1136 | D        | Noticed a hog
  1138 | D        | Noticed a hog
  1138 | D        | Noticed a hog
  1138 | D        | Noticed a hog
  1138 | D        | Killed a hog
  1139 | D        | Noticed a hog
  1139 | D        | Killed a hog
  1141 | D        | Killed a hog
  1141 | D        | Reached XP level 10. HP: 46/49 MP: 26/26
  1142 | D        | Killed a hog
  1144 | D        | Noticed a hog
  1144 | D        | Noticed a hog
  1152 | D        | Killed a hog
  1152 | D        | Reached **** piety under Dithmenos
  1155 | D        | Killed a hog
  1157 | D        | Killed a hog
  1159 | D        | Killed a hog
  1163 | D        | Noticed a hog
  1165 | D        | Killed a hog
  1166 | D        | Killed a hog
  1168 | D        | Killed a hog
  1168 | D        | Reached ***** piety under Dithmenos
  1169 | D        | Killed a hog
  1169 | D        | Reached skill level 5 in Fighting
  1171 | D        | Killed a hog
  1234 | D        | Noticed a daeva
  1250 | D        | Noticed a gargoyle
  1304 | D        | Bought a potion of heal wounds for 55 gold pieces
  1304 | D        | Bought a potion of heal wounds for 55 gold pieces
  1326 | D        | Noticed a centaur warrior
  1326 | D        | Noticed a centaur warrior
  1329 | D        | Killed a centaur warrior
  1331 | D        | Killed a centaur warrior
  1331 | D        | Reached skill level 10 in Invocations
  1332 | D        | Noticed a wasp
  1335 | D        | Killed a wasp
  1338 | D        | Noticed an oklob plant
  1348 | D        | Killed an oklob plant
  1488 | D        | Noticed an unseen horror
  1489 | D        | Noticed an unseen horror
  1491 | D        | Killed an unseen horror
  1492 | D        | Killed an unseen horror
  1492 | D        | Reached XP level 11. HP: 58/58 MP: 29/29
  1506 | D        | Noticed a jelly
  1506 | D        | Noticed a jelly
  1506 | D        | Noticed a jelly
  1506 | D        | Noticed a jelly
  1506 | D        | Noticed a jelly
  1506 | D        | Noticed a jelly
  1506 | D        | Noticed a jelly
  1507 | D        | Noticed a necrophage
  1516 | D        | Killed a jelly
  1519 | D        | Killed a jelly
  1522 | D        | Killed a jelly
  1524 | D        | Killed a jelly
  1529 | D        | Killed a jelly
  1532 | D        | Killed a jelly
  1534 | D        | Killed a jelly
  1546 | D        | Killed a necrophage
  1670 | D        | Noticed a necrophage
  1670 | D        | Noticed a necrophage
  1670 | D        | Noticed a necrophage
  1670 | D        | Noticed a necrophage
  1670 | D        | Noticed a necrophage
  1670 | D        | Noticed a necrophage
  1673 | D        | Killed a necrophage
  1673 | D        | Reached ****** piety under Dithmenos
  1675 | D        | Killed a necrophage
  1693 | D        | Killed a necrophage
  1698 | D        | Killed a necrophage
  1699 | D        | Killed a necrophage
  1703 | D        | Killed a necrophage
  1726 | D        | Noticed a trapdoor spider
  1728 | D        | Killed a trapdoor spider
  1780 | D        | Noticed a trapdoor spider
  1780 | D        | Noticed a trapdoor spider
  1781 | D        | Killed a trapdoor spider
  1784 | D        | Noticed a trapdoor spider
  1785 | D        | Killed a trapdoor spider
  1785 | D        | Reached skill level 10 in Conjurations
  1788 | D        | Killed a trapdoor spider
  1821 | D        | Found Recva's Food Boutique.
  1821 | D        | Found Afupp's Magic Scroll Emporium.
  1821 | D        | Found Kouberr's Weapon Emporium.
  1823 | D        | Found Jibausus's Book Boutique.
  1823 | D        | Found Ysudghyr's General Store.
  1823 | D        | Found Ligh's Book Shop.
  1823 | D        | Found Orphosk's General Store.
  1823 | D        | Found Toapaheb's Antique Armour Boutique.
  1823 | D        | Found Laotur's Weapon Shoppe.
  1823 | D        | Found Saalu's Magic Scroll Shop.
  1826 | D        | Bought a scroll of fear for 45 gold pieces
  1826 | D        | Bought a scroll of fear for 45 gold pieces
  1827 | D        | Found Sesaira's Jewellery Emporium.
  1828 | D        | Bought the Guide on Enchantment for 670 gold pieces
  1834 | D        | Learned a level 5 spell: Summon Mana Viper
  1834 | D        | Found Moocatul's General Store.
  1834 | D        | Found Wual Oto's Magic Scroll Shoppe.
  1835 | D        | Bought a scroll of identify for 28 gold pieces
  1835 | D        | Bought a scroll of magic mapping for 49 gold pieces
  1836 | D        | Found Janehydu's Assorted Antiques.
  1850 | D        | Bought a bread ration for 65 gold pieces
  1916 | D        | Noticed a 12-headed hydra
  1926 | D        | Killed a 12-headed hydra
  1926 | D        | Reached skill level 14 in Spellcasting
  1951 | D        | Noticed a shadow dragon
  1952 | D        | Noticed a golden dragon
  1957 | D        | Found Jilizog's Gadget Shoppe.
  2127 | D        | Noticed a hellwing
  2127 | D        | Noticed a siren
  2127 | D        | Noticed a deep elf annihilator
  2128 | D        | Noticed an oklob plant
  2128 | D        | Noticed a mummy priest
  2129 | D        | Noticed a siren
  2129 | D        | Noticed a wasp
  2129 | D        | Noticed a wasp
  2130 | D        | Killed a deep elf annihilator
  2157 | D        | Killed a hellwing
  2245 | D        | Killed a siren
  2339 | D        | Noticed an unseen horror
  2339 | D        | Noticed an unseen horror
  2339 | D        | Noticed an unseen horror
  2339 | D        | Noticed an unseen horror
  2341 | D        | Killed an unseen horror
  2343 | D        | Killed an unseen horror
  2344 | D        | Noticed an unseen horror
  2347 | D        | Killed an unseen horror
  2349 | D        | Killed an unseen horror
  2349 | D        | Reached skill level 5 in Summonings
  2351 | D        | Killed an unseen horror
  2424 | D        | Noticed a fire giant
  2448 | D        | Killed a fire giant
  2448 | D        | Reached skill level 15 in Spellcasting
  2458 | D        | Noticed a fire giant
  2481 | D        | Killed a fire giant
  2481 | D        | Reached XP level 12. HP: 65/65 MP: 26/32
  2490 | D        | Noticed a fire giant
  2556 | D        | Bought a book of Cantrips for 240 gold pieces
  2558 | D        | Learned a level 1 spell: Apportation
  2567 | D        | Learned a level 6 spell: Darkness
  2651 | D        | Killed a fire giant
  2661 | D        | Noticed a fire giant
  2733 | D        | Killed a fire giant
  3040 | D        | Noticed Tiamat
  3113 | D        | Noticed a lorocyproca
  3117 | D        | Noticed Norris
  3151 | D        | Killed a lorocyproca
  3151 | D        | Reached skill level 5 in Throwing
  3151 | D        | Reached skill level 16 in Spellcasting
  3264 | D        | Noticed Lom Lobon
  3274 | D        | Killed by an exploding ball lightning

Action                   |  1- 3 |  4- 6 |  7- 9 | 10-12 || total
-------------------------+-------+-------+-------+-------++-------
Melee: Dagger            |     6 |    10 |    53 |    92 ||   161
 Fire: Blowgun           |       |       |     2 |    17 ||    19
 Cast: Confuse           |       |     3 |     8 |     6 ||    17
       Tukima's Dance    |       |     1 |       |     1 ||     2
       Dazzling Spray    |       |       |    13 |    11 ||    24
       Ensorcelled Hiber |       |       |     1 |    27 ||    28
       Apportation       |       |       |       |    11 ||    11
Invok: Shadow Form       |       |       |       |     2 ||     2
Evoke: Wand              |       |       |       |     4 ||     4
  Use: Potion            |       |       |     1 |       ||     1
       Scroll            |       |       |       |     4 ||     4
 Stab: Sleeping          |     2 |     2 |     6 |    41 ||    51
       Confused          |       |     3 |     1 |     5 ||     9
       Invisible         |       |       |     9 |     4 ||    13
  Eat: Bread ration      |       |       |       |     1 ||     1
